 Dungeon Crawl Stone Soup version 0.31.0-12-g77e489cdc1 (webtiles) character file.

Game seed: 7817387921728356427

142 bnnuy the Trooper (level 5, -1/57 HPs)
             Began as an Oni Fire Elementalist on Feb 13, 2024.
             Slain by a gnoll sergeant
             ... wielding a +0 trident
              (13 damage)
             ... on level 3 of the Dungeon.
             The game lasted 00:07:21 (2364 turns).

bnnuy the Trooper (Oni Fire Elementalist)           Turns: 2364, Time: 00:07:22

Health: -1/57      AC:  4    Str: 14    XL:     5   Next: 25%
Magic:  5/11       EV:  9    Int: 16    God:
Gold:   79         SH:  0    Dex:  9    Spells: 9/12 levels left

rFire   . . .        o - +0 flail
rCold   . . .        (no shield)
rNeg    . . .        a - +0 robe
rPois   .            (helmet restricted)
rElec   .            g - +0 cloak
rCorr   .            (gloves unavailable)
SInv    .            (boots unavailable)
Will    .....        (no amulet)
Stlth   +            (no ring)
HPRegen 0.29/turn    (no ring)
MPRegen 0.12/turn

%: no passive effects
@: brilliant
A: large, unfitting armour, horns 1, tough skin 1, double potion healing,
drunken brawling
a: no special abilities


You were on level 3 of the Dungeon.
You visited 1 branch of the dungeon, and saw 4 of its levels.

You collected 79 gold pieces.

Inventory:

Hand Weapons
 e - a +0 club
 m - a +0 hand axe
 o - a +0 flail (weapon)
Armour
 a - a +0 robe (worn)
 g - a +0 cloak (worn)
Magical Staves
 i - a staff of earth
Scrolls
 c - a scroll of blinking {unknown}
 f - a scroll of identify {unknown}
 k - a scroll of teleportation {unknown}
 p - a scroll of amnesia {unknown}
Potions
 b - a potion of magic
 d - a potion of heal wounds {unknown}
 j - a potion of degeneration {unknown}
 l - 2 potions of enlightenment {unknown}
 n - a potion of ambrosia {unknown}
 q - a potion of might {unknown}


   Skills:
 - Level 5.0 Fighting
 - Level 1.7 Dodging
 - Level 1.4 Stealth
 + Level 4.0 Spellcasting
 - Level 0.8 Conjurations
 - Level 2.6 Fire Magic


You had 9 spell levels left.
You knew the following spells:

 Your Spells              Type           Power      Damage    Failure   Level
a - Foxfire               Conj/Fire      52%        2x1d6     9%          1
b - Scorch                Fire           34%        2d6       9%          2

Your spell library contained the following spells:

 Spells                   Type           Power      Damage    Failure   Level
 Inner Flame              Hex/Fire       11%        N/A       28%         3
 Volatile Blastmotes      Fire/Tloc      22%        2d11      28%         3
 Flame Wave               Conj/Fire      13%        2d6       63%         4


Dungeon Overview and Level Annotations

Branches:
Dungeon (4/15)
 Temple: D:4-7

Altars:
Cheibriados

Annotations:
D:2 Sigmund
D:3 1 runed translucent door, Crazy Yiuf, Jessica


Innate Abilities, Weirdness & Mutations

You are too large for most types of armour.
You have a pair of small horns on your head.
You have tough skin. (AC +1)
You gain doubled healing and magic from potions.
Whenever you drink a healing potion, you attack all around you.


Message History

The gnoll hits you with a +1 whip of electrocution.
The gnoll sergeant attacks as it pursues you!
The gnoll sergeant hits you from afar with a +0 trident!
You see here a +0 whip.
Casting: Scorch (safe; 9% risk of failure)
Confirm with . or Enter, or press ? or * to list all spells.
Flames lash the gnoll.
The gnoll is moderately wounded.
The gnoll's fire resistance burns away.
The gnoll sergeant closely misses you.
The gnoll is no longer more vulnerable to fire.
Casting: Scorch (safe; 9% risk of failure)
Confirm with . or Enter, or press ? or * to list all spells.
You can't see any susceptible monsters within range! (Use Z to cast anyway.)
Casting: Scorch (safe; 9% risk of failure)
Confirm with . or Enter, or press ? or * to list all spells.
You miscast Foxfire.
You are very lightly contaminated with residual magic.
Nothing appears to happen.
Casting: Foxfire (safe; 9% risk of failure)
Confirm with . or Enter, or press ? or * to list all spells.
You conjure some foxfire!
Casting: Foxfire (safe; 9% risk of failure)
Confirm with . or Enter, or press ? or * to list all spells.
Flames lash the gnoll sergeant but do no damage.
The foxfire hits the gnoll sergeant but does no damage.
The gnoll sergeant is lightly wounded.
The gnoll sergeant hits you from afar with a +0 trident.
The gnoll sergeant hits you with a +0 trident!
You barely miss the gnoll sergeant.
The gnoll sergeant is lightly wounded.
The gnoll sergeant hits you with a +0 trident!
* * * LOW HITPOINT WARNING * * *
You barely miss the gnoll sergeant.
The gnoll sergeant is lightly wounded.
The gnoll sergeant barely misses you.
Your magical contamination has completely faded away.
It was a potion of brilliance.
You feel clever all of a sudden.
The gnoll sergeant hits you with a +0 trident!
You die...

.####.## #.# #.#
#.# #.# #)..#
.......#
#.###.#####.# #.#
##### ########
##...)....#.# #.#
♣♣♣♣♣♣
##.........###.####
### ♣...)♣♣
###.##...........#
#.. #####..♣♣♣
####.######..###
#.. #...#....♣♣♣
#.# #..# #..
#...#..♣..)♣♣##.#
#..# #..
#.)..'......)gg@v#
#..# #..
##.!.#.♣....♣♣####
#..#####..
#...#..).♣♣♣
#.........
#####..♣♣♣
########## ♣)...♣♣
♣♣♣♣♣♣


You could see a gnoll sergeant (ally target) and a gnoll.

Vanquished Creatures
  A hound (D:4)
  A bombardier beetle (D:3)
  An adder (D:3)
  3 gnolls
  2 orcs (D:3)
  4 ball pythons
  4 endoplasms
  2 goblins
  5 hobgoblins
  6 jackals
  2 kobolds (D:3)
  A quokka (D:1)
  3 bats
  3 frilled lizards
  5 rats (D:1)
43 creatures vanquished.

Vanquished Creatures (others)
  69 foxfires
69 creatures vanquished.

Grand Total: 112 creatures vanquished

Notes
Turn   | Place    | Note
-------+----------+-------------------------------------------
     0 | D:1      | bnnuy the Oni Fire Elementalist began the quest for the
                  | Orb.
     0 | D:1      | Reached XP level 1. HP: 16/16 MP: 3/3
   217 | D:1      | Reached skill level 1 in Fighting
   290 | D:1      | Reached skill level 2 in Fighting
   359 | D:1      | Reached XP level 2. HP: 28/28 MP: 3/5
   798 | D:1      | Reached skill level 3 in Fighting
  1167 | D:2      | Noticed Sigmund
  1217 | D:3      | Reached XP level 3. HP: 37/37 MP: 2/6
  1255 | D:3      | Learned a level 2 spell: Scorch
  1255 | D:3      | Found a snail-covered altar of Cheibriados.
  1285 | D:3      | Found a runed translucent door.
  1286 | D:3      | Noticed Crazy Yiuf
  1370 | D:3      | Found a faded altar of an unknown god.
  1476 | D:3      | Reached skill level 4 in Fighting
  1476 | D:3      | Reached XP level 4. HP: 22/49 MP: 3/7
  1648 | D:3      | Reached skill level 5 in Fighting
  1726 | D:3      | Noticed Jessica
  2155 | D:4      | Reached XP level 5. HP: 48/57 MP: 3/10
  2339 | D:3      | Found the +5 woodcutter's axe
  2364 | D:3      | Slain by a gnoll sergeant

Illustrated notes

Levels and vault maps discovered:
D:1:      co_arrival_random_square_maze, layout_loops_cross, hex_large,
          chequers_serial_rivers_micro_a
D:2:      layout_loops_corners, hex_tiny, minmay_heptomino_l4, uniq_sigmund
D:3:      minmay_evil_eye, layout_loops_ring, cheibriados_altar_1,
          shapermc_ecumenical_altar_venn, minmay_misc_feat_rugged,
          pf_guarded_unrand_woodcutter, uniq_crazy_yiuf_cottage, uniq_jessica
D:4:      layout_basic

Skill      XL: |  1  2  3  4  5 |
---------------+----------------+-----
Fighting       | 2 3 4 5 |  5.0
Spellcasting   | 3 4 |  4.0
Dodging        | |  1.7
Stealth        | |  1.4
Conjurations   | |  0.8
Fire Magic     | |  2.6

Action                     |  1- 3 |  4- 6 || total
---------------------------+-------+-------++-------
  Melee: Unarmed           |     4 |       ||     4
         Club              |    12 |       ||    12
         Headbutt          |     2 |     3 ||     5
         Hand axe          |     5 |    35 ||    40
         Flail             |       |    12 ||    12
         Punch             |       |     1 ||     1
   Cast: Foxfire           |    37 |     9 ||    46
         Scorch            |     1 |    11 ||    12
    Use: Potion            |       |     1 ||     1
   Stab: Sleeping          |     1 |     1 ||     2
 Armour: Robe              |    20 |    65 ||    85
  Dodge: Dodged            |    17 |    40 ||    57
